Map: [ESL] Goldenaura

Players

Oliveira - Winner!

  • Race: Terran Terran
  • Spawn Location: 5:00

Harstem

  • Race: Protoss Protoss
  • Spawn Location: 12:00

Event: ESL SC2 Masters 2023 Winter (Finals)

VOD

Have the link to the VOD?

Description

Time

  • Played on: Dec. 16, 2023, 11:35 a.m.
  • Length: 10:59

All games in this series

Show
View Real Time Build Order
Export as new Build Order

Oliveira Terran - Winner!

Build Orders: Cyclone Opening, Reaper Expand 

Get SALT Encoding   

  12  0:00  SCV  
  13  0:12  SCV  
  14  0:17  Supply Depot  
  14  0:24  SCV  
  15  0:39  SCV  
  15  0:40  Barracks  
  16  0:44  Refinery  
  16  0:51  SCV  
  17  1:03  SCV  
  18  1:15  SCV  
  19  1:27  Orbital Command  
  19  1:28  Reaper  
  20  1:40  Command Center  
  20  1:51  Supply Depot  
  20  1:52  SCV  
  21  2:00  Marine  
  22  2:05  SCV  
  22  2:07  Factory  
  23  2:12  Refinery  
  23  2:17  SCV  
  23  2:22  Barracks Reactor  
  24  2:28  Barracks  
  24  2:29  SCV  
  25  2:41  SCV  
  26  2:50  Cyclone  
  28  2:52  Orbital Command  
  28  2:53  SCV  
  28  2:58  Marine x2  
  31  3:06  SCV  
  32  3:15  Barracks Tech Lab  
  32  3:16  Marine x2  
  32  3:18  SCV x2  
  36  3:24  Factory Tech Lab  
  36  3:30  SCV x2, Supply Depot  
  38  3:35  Marine  
  38  3:36  Stimpack, Marine x2  
  41  3:42  SCV x2  
  41  3:46  Siege Tank  
  46  3:52  Starport  
  46  3:54  SCV  
  47  3:55  SCV  
  47  3:56  Marine  
  47  4:00  Supply Depot  
  47  4:02  Marine x2  
  49  4:06  SCV  
  49  4:08  SCV  
  53  4:12  Supply Depot  
  53  4:15  Engineering Bay  
  53  4:17  Marine  
  53  4:22  SCV x2  
  56  4:24  Marine  
  56  4:27  Siege Tank  
  56  4:30  Medivac  
  62  4:33  Marine  
  62  4:34  SCV  
  62  4:36  SCV, Supply Depot  
  65  4:40  Refinery  
  65  4:41  Marine  
  65  4:44  Supply Depot  
  66  4:47  Marine, SCV  
  66  4:49  Terran Infantry Weapons Level 1  
  66  4:51  SCV  
  69  4:55  Marine  
  70  5:01  Barracks  
  70  5:02  Marine  
  70  5:03  Starport Reactor  
  72  5:07  SCV x2  
  72  5:08  Factory Reactor, Refinery  
  72  5:10  Marine  
  72  5:11  Supply Depot  
  74  5:15  Marine  
  74  5:17  Combat Shield  
  74  5:20  Marine  
  74  5:22  SCV  
  74  5:23  SCV  
  74  5:27  Marine  
  77  5:33  Marine  
  77  5:34  SCV  
  79  5:37  Missile Turret  
  79  5:39  Supply Depot  
  78  5:48  Marine x2  
  78  5:49  Marauder  
  79  5:54  SCV  
  75  5:59  Marine  
  75  6:01  Medivac x2, Widow Mine x2  
  77  6:06  SCV, Marine x2  
  77  6:16  Marauder  
  77  6:17  Concussive Shells  
  75  6:20  Command Center  
  75  6:23  Missile Turret, Marauder  
  77  6:26  SCV  
  77  6:28  SCV  
  77  6:29  Marine, Widow Mine x2  
  77  6:32  Marine  
  85  6:37  Medivac x2  
  89  6:43  SCV, Marauder  
  89  6:44  SCV  
  89  6:47  Marauder  
  95  6:49  Terran Infantry Armor Level 1  
  95  6:50  Supply Depot  
  95  6:53  Barracks  
  95  6:56  Barracks  
  95  6:58  SCV  
  95  7:00  SCV  
  94  7:06  Viking  
  94  7:07  Viking  
  98  7:11  SCV  
  98  7:12  SCV  
  98  7:18  Marauder x2  
  98  7:19  Starport  
  102  7:23  SCV  
  102  7:24  Marine x2  
  102  7:25  SCV  
  106  7:32  Orbital Command  
  106  7:35  SCV  
  107  7:37  Viking x2, SCV  
  109  7:45  Barracks Reactor, Barracks Tech Lab  
  109  7:47  SCV  
  109  7:49  SCV  
  111  7:53  Supply Depot  
  111  7:54  Marauder x2  
  111  7:56  Supply Depot  
  111  7:58  Viking  
  116  7:59  SCV  
  116  8:00  SCV  
  116  8:01  SCV  
  116  8:02  Viking  
  123  8:05  Marauder  
  123  8:09  Ghost Academy  
  123  8:11  SCV  
  123  8:12  Viking  
  123  8:15  Viking, SCV  
  123  8:16  SCV  
  123  8:18  Marine x2  
  131  8:22  Refinery  
  131  8:23  Refinery  
  131  8:25  Supply Depot  
  131  8:28  Supply Depot, Marine x2  
  131  8:30  Viking  
  132  8:37  Viking, Marine  
  132  8:38  Marine  
  132  8:40  Ghost x2  
  138  8:48  Ghost  
  138  8:49  Marine  
  138  8:51  Marine  
  138  8:52  Supply Depot  
  142  9:02  Marine  
  142  9:03  Marine  
  142  9:04  SCV x2  
  142  9:07  SCV  
  147  9:10  Supply Depot  
  147  9:11  Marauder  
  147  9:12  Marine  
  147  9:14  Marine  
  147  9:15  Command Center, Marauder  
  153  9:18  Liberator  
  153  9:22  Liberator  
  153  9:23  Marine  
  160  9:27  Marine  
  160  9:28  Marauder  
  163  9:41  Marine  
  159  9:47  Marauder, Marine x2  
  156  9:53  Liberator, Marine  
  156  9:54  Marauder  
  156  9:56  Armory  
  156  9:57  Engineering Bay  
  156  9:58  Medivac  
  165  10:00  Ghost  
  165  10:03  Supply Depot, Marine  
  165  10:04  Supply Depot  
  166  10:07  SCV  
  166  10:10  Marauder  
  166  10:11  Marine  
  166  10:14  SCV  
  170  10:15  Marauder  
  170  10:16  Marine  
  173  10:24  Marine x2  
  175  10:28  Marine  
  175  10:30  Marine, Marauder  
  170  10:35  Marine  
  170  10:36  Marauder  
Show
View Real Time Build Order
Export as new Build Order

Harstem Protoss 

Build Orders: 1 Gate Expand, Phoenix Opening, Colossus Rush 

Get SALT Encoding   

  12  0:00  Probe  
  13  0:12  Probe  
  14  0:18  Pylon  
  14  0:24  Probe (Chrono Boost)  
  15  0:36  Probe (Chrono Boost)  
  15  0:38  Gateway  
  16  0:45  Probe (Chrono Boost)  
  16  0:47  Assimilator  
  17  0:51  Probe  
  18  1:03  Probe  
  19  1:19  Nexus  
  19  1:29  Cybernetics Core  
  19  1:32  Probe  
  20  1:37  Assimilator  
  20  1:44  Probe  
  20  1:47  Pylon  
  21  1:56  Probe  
  22  2:02  Adept (Chrono Boost)  
  24  2:08  Probe (Chrono Boost)  
  25  2:18  Probe (Chrono Boost)  
  25  2:19  Stargate  
  26  2:24  Probe (Chrono Boost)  
  26  2:25  Adept  
  29  2:32  Probe (Chrono Boost)  
  29  2:35  Warp Gate  
  31  2:40  Probe (Chrono Boost)  
  31  2:41  Probe (Chrono Boost)  
  32  2:46  Probe (Chrono Boost)  
  32  2:47  Probe  
  34  2:58  Probe  
  35  2:59  Probe  
  35  3:02  Phoenix  
  38  3:10  Probe (Chrono Boost)  
  40  3:16  Robotics Facility, Probe (Chrono Boost)  
  40  3:18  Pylon  
  41  3:20  Probe (Chrono Boost)  
  41  3:24  Probe (Chrono Boost)  
  41  3:25  Probe (Chrono Boost)  
  42  3:29  Assimilator  
  42  3:31  Phoenix  
  42  3:33  Assimilator  
  45  3:36  Probe (Chrono Boost)  
  45  3:38  Probe (Chrono Boost)  
  45  3:39  Pylon  
  49  3:48  Probe (Chrono Boost)  
  49  3:51  Probe (Chrono Boost)  
  49  3:53  Probe (Chrono Boost)  
  50  3:55  Phoenix  
  50  3:59  Probe  
  50  4:02  Shield Battery  
  53  4:04  Immortal  
  53  4:06  Pylon  
  53  4:07  Probe  
  58  4:11  Probe  
  59  4:19  Probe  
  59  4:23  Probe, Robotics Bay  
  61  4:29  Phoenix  
  63  4:33  Probe  
  63  4:37  Pylon  
  64  4:44  Observer  
  65  4:47  Nexus  
  65  4:50  Pylon  
  65  4:51  Probe  
  65  4:52  Pylon, Probe  
  67  4:57  Phoenix (Chrono Boost)  
  69  5:05  Gateway  
  69  5:06  Probe  
  71  5:07  Probe  
  71  5:15  Colossus (Chrono Boost)  
  71  5:18  Probe, Phoenix (Chrono Boost)  
  71  5:19  Probe  
  81  5:30  Probe, Pylon  
  81  5:33  Shield Battery  
  82  5:39  Zealot  
  82  5:42  Phoenix  
  86  5:47  Probe  
  86  5:48  Probe  
  78  6:01  Nexus, Colossus (Chrono Boost)  
  76  6:07  Phoenix  
  76  6:08  Observer  
  76  6:10  Probe  
  76  6:11  Probe  
  84  6:14  Shield Battery  
  84  6:17  Extended Thermal Lance  
  84  6:20  Forge  
  84  6:21  Twilight Council  
  84  6:23  Probe  
  85  6:31  Nexus, Probe  
  86  6:34  Pylon  
  86  6:43  Pylon  
  86  6:52  Colossus (Chrono Boost), Probe  
  93  6:55  Pylon  
  93  6:57  Protoss Ground Weapons Level 1 (Chrono Boost)  
  93  7:01  Phoenix  
  95  7:03  Probe  
  95  7:05  Pylon  
  96  7:10  Charge (Chrono Boost)  
  96  7:12  Probe  
  96  7:13  Probe  
  96  7:15  Observer, Gateway  
  96  7:16  Gateway  
  96  7:22  Gateway  
  96  7:23  Gateway  
  96  7:24  Sentry  
  96  7:25  Probe  
  99  7:30  Gateway  
  99  7:32  Gateway  
  99  7:33  Probe  
  100  7:37  Phoenix  
  100  7:40  Probe  
  103  7:44  Zealot  
  103  7:47  Probe  
  103  7:51  Probe  
  105  7:53  Probe  
  105  7:55  Immortal (Chrono Boost)  
  105  7:56  Probe  
  111  7:59  Probe  
  111  8:01  Zealot  
  111  8:02  Shield Battery  
  111  8:03  Probe  
  111  8:04  Gateway  
  111  8:05  Probe  
  116  8:06  Shield Battery  
  116  8:07  Observer  
  116  8:09  Sentry, Gateway  
  116  8:10  Zealot  
  120  8:16  Forge  
  120  8:18  Pylon  
  120  8:20  Zealot x3  
  126  8:27  Photon Cannon  
  124  8:34  Disruptor (Chrono Boost)  
  124  8:39  Zealot x3, Stalker x2  
  136  8:43  Protoss Ground Armor Level 1 (Chrono Boost)  
  136  8:44  Observer, Assimilator  
  136  8:46  Assimilator  
  136  8:47  Robotics Facility  
  136  8:50  Stalker x3  
  136  8:54  Probe  
  143  9:00  Photon Cannon  
  143  9:01  Photon Cannon  
  143  9:02  Zealot x3  
  149  9:13  Stalker x3  
  153  9:23  Shield Battery  
  153  9:24  Probe  
  154  9:26  Pylon  
  154  9:28  Pylon  
  154  9:30  Pylon  
  154  9:32  Shield Battery  
  154  9:34  Zealot x2  
  154  9:38  Stalker  
  148  9:46  Stalker x4  
  148  9:48  Probe  
  148  9:49  Zealot x3  
  148  9:52  Disruptor  
  163  9:55  Pylon  
  167  10:01  Pylon  
  167  10:02  Pylon  
  167  10:03  Pylon  
  167  10:05  Observer  
  167  10:08  Twilight Council  
  167  10:13  Nexus  
  167  10:17  Pylon  
  167  10:27  Stalker x3  
  167  10:28  Stalker  
  166  10:40  Zealot x6  
  118  10:50  Zealot  
  118  10:51  Zealot x3  
Tags
 
Add a new tag
Caveats
  • Supply blocks, unpowered buildings, or Contaminate may cause inaccurate times.
  • Supply counts are checked every 10 seconds.